 Dungeon Crawl Stone Soup version 0.22.1-1-ga44c0e56f4 (webtiles) character file.

5585 Riddle the Fighter (level 11, -24/91 (92) HPs)
             Began as a Formicid Chaos Knight on Sept 25, 2018.
             Annihilated by a stone giant (35 damage)
             ... on level 9 of the Dungeon.
             The game lasted 00:28:22 (10241 turns).

Riddle the Fighter (Formicid Chaos Knight)         Turns: 10241, Time: 00:28:23

HP:   -24/91 (92)   AC: 13    Str: 21    XL:     11   Next: 2%
MP:   12/12         EV: 13    Int: 11    God:    Xom [...*..]
Gold: 485           SH:  3    Dex: 10    Spells: 10/10 levels left

rFire    + . .     SeeInvis +   y - +6 flail (crush)
rCold    . . .     Gourm    .   (no shield)
rNeg     . . .     Faith    .   b - +3 leather armour
rPois    .         Spirit   .   (helmet unavailable)
rElec    .         Reflect  +   v - +2 cloak
rCorr    .         Harm     .   (no gloves)
MR       +....     Clarity  +   w - +0 pair of boots
Stlth    ++++......             L - +3 amulet of reflection
HPRegen  0.25/turn              I - +4 ring of strength
MPRegen  0.13/turn              d - ring of protection from fire

@: no status effects
A: permanent stasis, dig shafts and tunnels, four strong arms, antennae 3, thin
metallic scales 1, clarity, deterioration 1, dopey 1, high mp 1, weak 1,
MP-powered wands
a: Dig, Shaft Self, Renounce Religion


You were on level 9 of the Dungeon.
You worshipped Xom.
You were a favourite toy of Xom.
You were hungry.

You visited 1 branch of the dungeon, and saw 9 of its levels.
You also visited: Ossuary.

You collected 485 gold pieces.

Inventory:

Hand Weapons
 y - a +6 flail of crushing (weapon)
 O - the +7 dagger "Kasya" {flame, +Rage Dex+2}
   (You found it on level 9 of the Dungeon)

   It has been specially enchanted to burn those struck by it, causing extra
   injury to most foes and up to half again as much damage against particularly
   susceptible opponents.
   It affects your dexterity (+2).
   It lets you go berserk.
Armour
 b - a +3 leather armour (worn)
 v - a +2 cloak (worn)
 w - a +0 pair of boots (worn)
Jewellery
 d - a ring of protection from fire (right hand)
 f - an uncursed ring of wizardry
 h - an uncursed ring of positive energy
 m - an uncursed ring of protection from fire
 n - an uncursed amulet of magic regeneration
 I - a +4 ring of strength (left hand)
 K - an uncursed amulet of faith
 L - a +3 amulet of reflection (around neck)
Wands
 C - a wand of polymorph (16)
 H - a wand of acid (4)
Scrolls
 e - 3 scrolls of magic mapping
 k - 6 scrolls of remove curse
 q - a scroll of random uselessness {unknown}
 r - 4 scrolls of teleportation {unknown}
 s - 4 scrolls of identify
 t - a scroll of amnesia {unknown}
 z - a scroll of immolation {unknown}
 E - 2 scrolls of blinking {unknown}
 F - a scroll of noise {unknown}
 G - a scroll of silence {unknown}
Potions
 g - 2 potions of lignification {unknown}
 i - 3 potions of mutation {unknown}
 j - 3 potions of ambrosia {unknown}
 l - a potion of cancellation {unknown}
 o - a potion of curing {unknown}
 p - 2 potions of degeneration {unknown}
 u - a potion of flight {unknown}
 x - 2 potions of heal wounds {unknown}
 A - a potion of magic {unknown}
 B - 3 potions of haste
 D - 6 potions of might {unknown}
 J - a potion of brilliance {unknown}
Comestibles
 c - 20 rations


   Skills:
 * Level 10.4 Fighting
 * Level 8.7 Maces & Flails
   Level 4.6 Polearms
 + Level 7.3 Armour
 - Level 4.1 Dodging
 + Level 9.4 Stealth


You had 10 spell levels left.
You didn't know any spells.
Your spell library contained the following spells:

 Spells                   Type           Power        Failure   Level  Hunger
 Animate Skeleton         Necr           N/A          38%         1    ##.....
 Magic Dart               Conj           #...         38%         1    ##.....
 Pain                     Necr           #...         38%         1    ##.....
 Call Imp                 Summ           #.......     52%         2    ###....
 Slow                     Hex            #.......     52%         2    ###....
 Conjure Flame            Conj/Fire      #.......     77%         3    ####...
 Mephitic Cloud           Conj/Pois/Air  #.......     77%         3    ####...
 Regeneration             Chrm/Necr      #.........   77%         3    ####...
 Vampiric Draining        Necr           #.........   77%         3    ####...
 Animate Dead             Necr           N/A          99%         4    #####..
 Blink                    Tloc           Unusable     N/A         2    N/A

Dungeon Overview and Level Annotations

Branches:
Dungeon (9/15)             Temple (0/1) D:6
   Lair: D:8-11         Orc: D:9-12

Altars:
Ashenzari
Gozag
Hepliaklqana
Kikubaaqudgha
Nemelex Xobeh
Okawaru
Qazlal
Ru
Sif Muna
Xom
Yredelemnul

Shops:
D:8 :


Innate Abilities, Weirdness & Mutations

You cannot be hasted, slowed, berserked, paralysed or teleported.
You can dig through walls and to a lower floor.
Your four strong arms can wield two-handed weapons with a shield.
You have a pair of large antennae on your head. (SInv)
You are partially covered in thin metallic scales. (AC +2)
You possess an exceptional clarity of mind.
Your body sometimes deteriorates upon taking damage.
You are dopey. (Int -2)
You have an increased reservoir of magic. (+10% MP)
You are weak. (Str -2)
You expend magic power (3 MP) to strengthen your wands.


Message History

The stone giant is lightly wounded. "There, this looks better."
A fountain starts gushing blood!
The stone giant hits you!
* * * LOW HITPOINT WARNING * * *
You completely miss the stone giant.
The stone giant is lightly wounded.
The stone giant hits you!!!
You die... "NOOOOOOO, not my teddy bear!"
Xom revives you!
You hear a shout!
Aiming: Polymorph
Press: ? - help, Shift-Dir - straight line, f - stone giant
Aim: a stone giant (lightly wounded, chance to defeat MR: 8%)
Okay, then.
You extend your mandibles.
Are you sure you want to shaft yourself?
You feel quite a bit more hungry. The stone giant hits you!!
You die...
Xom titters!

#....... #....... ### #.......
..# ###....... #.## ###.........
#.## #........... #########.##
#........... ### #......###.##
#...#.......
##)..#..(C..####@#####...........
$$..o'.⌠..⌠.(..C((..##.).........
##/..#......####.##.##...........
### #......# #.##...............
#########.##................
#.##......(.(........
#.##...#...##.........
..##...##....#......... #####
###...###.....#..(.....


You could see a stone giant.

Vanquished Creatures
  A hydra (D:9)
  Joseph (D:8)
  A hippogriff (D:8)
  Sigmund (D:3)
  Edmund (D:5)
  Duvessa (D:5)
  2 sky beasts
  3 orc warriors
  2 ice beasts
  A hornet zombie (D:7)
  A necrophage (D:7)
  3 ogres
  A centaur (D:8)
  4 bullfrogs
  Dowan (D:5)
  3 scorpions
  A killer bee (D:8)
  4 wights (D:7)
  A howler monkey (D:4)
  2 crimson imps (D:7)
  A hound (D:8)
  2 bullfrog skeletons
  3 orc wizards
  2 orc priests
  A jelly (D:9)
  8 worker ants
  4 big kobold zombies (Ossuary)
  A mummy (Ossuary)
  A worker ant zombie (D:6)
  7 gnolls
  6 adders
  A shadow imp (D:6)
  An ooze (D:1)
  An adder skeleton (D:9)
  An adder zombie (D:9)
  2 worms
  2 dart slugs
  5 leopard geckos
  25 orcs
  2 spectral bats (Ossuary)
  9 bats
  7 giant cockroaches
  7 gnoll zombies (Ossuary)
  5 goblins
  4 hobgoblins
  8 jackals
  2 quokkas
  4 ball pythons
  2 bat simulacra (Ossuary)
  8 frilled lizards
  2 goblin simulacra (Ossuary)
  3 goblin zombies (Ossuary)
  3 hobgoblin zombies (Ossuary)
  16 kobolds
  5 kobold zombies (Ossuary)
  A leopard gecko zombie (D:6)
  7 orc zombies (Ossuary)
  2 quokka skeletons (D:4)
  10 rats
  A rat simulacrum (Ossuary)
  3 spectral goblins (Ossuary)
  2 spectral kobolds (Ossuary)
  6 spectral rats (Ossuary)
228 creatures vanquished.

Vanquished Creatures (collateral kills)
  2 tengu warriors (D:9)
  A troll (D:9)
  A hippogriff (D:9)
  A wyvern (D:9)
  A water moccasin (D:9)
  An ogre (D:5)
  A centaur (D:9)
  3 killer bees (D:9)
  A crimson imp (D:6)
  A worker ant (D:6)
  A giant cockroach (D:6)
  A jackal skeleton (D:6)
15 creatures vanquished.

Vanquished Creatures (others)
  An adder zombie (D:9)
1 creature vanquished.

Grand Total: 244 creatures vanquished

Notes
Turn   | Place    | Note
-------+----------+-------------------------------------------
     0 | D:1      | Riddle the Formicid Chaos Knight began the quest for the
                  | Orb.
     0 | D:1      | Reached XP level 1. HP: 18/18 MP: 1/1
    92 | D:1      | Reached XP level 2. HP: 20/24 MP: 2/2
   106 | D:1      | Reached skill level 1 in Stealth
   108 | D:1      | Reached XP level 3. HP: 17/30 MP: 3/3
   154 | D:1      | XOM: divination: magic mapping
   254 | D:1      | XOM: harmless Tloc miscast
   640 | D:1      | Reached skill level 4 in Fighting
   851 | D:2      | XOM: potion effect (invisibility)
   906 | D:2      | XOM: divination: detect creatures
   974 | D:2      | Reached XP level 4. HP: 37/37 MP: 4/4
  1102 | D:2      | Found a sparkling altar of Nemelex Xobeh.
  1104 | D:2      | Found a stormy altar of Qazlal.
  1727 | D:3      | XOM: medium Air miscast
  1731 | D:3      | Reached skill level 6 in Fighting
  1731 | D:3      | Reached skill level 5 in Maces & Flails
  1731 | D:3      | Reached skill level 5 in Armour
  1731 | D:3      | Reached XP level 5. HP: 32/47 MP: 5/5
  2088 | D:3      | XOM: harmless Pois miscast
  2141 | D:3      | Found an iron altar of Okawaru.
  2193 | D:3      | Found a hazy altar of Hepliaklqana.
  2339 | D:3      | XOM: medium Conj miscast
  2541 | D:3      | XOM: give mutations
  2541 | D:3      | Gained mutation: You possess an exceptional clarity of
                  | mind. [Xom's mischief]
  2541 | D:3      | Gained mutation: You are dopey. (Int -2) [Xom's mischief]
  2572 | D:3      | Noticed Sigmund
  2600 | D:3      | XOM: scenery: create altars
  2615 | D:3      | Killed Sigmund
  2615 | D:3      | Reached XP level 6. HP: 40/53 MP: 6/6
  2824 | D:3      | XOM: harmless Conj miscast
  2889 | D:3      | Found an opulent altar of Gozag.
  2959 | D:4      | XOM: smoke on damage
  3238 | D:4      | Reached XP level 7. HP: 58/59 MP: 7/7
  3244 | D:4      | Reached skill level 7 in Fighting
  3562 | D:4      | XOM: cleaving
  3660 | D:3      | XOM: give mutation
  3660 | D:3      | Gained mutation: You are partially covered in thin metallic
                  | scales. (AC +2) [Xom's grace]
  3687 | D:3      | XOM: give mutations
  3687 | D:3      | Gained mutation: Your body sometimes deteriorates upon
                  | taking damage. [Xom's mischief]
  3687 | D:3      | Gained mutation: You are weak. (Str -2) [Xom's mischief]
  3708 | D:4      | XOM: smoke on damage
  3711 | D:3      | XOM: summons friendly crimson imp
  3801 | D:3      | XOM: scenery: create altars
  4035 | D:4      | Reached XP level 8. HP: 67/67 MP: 8/8
  4232 | D:4      | XOM: mild Ice miscast
  4319 | D:4      | XOM: scenery: create altars
  4320 | D:4      | XOM: harmless Ice miscast
  4420 | D:4      | Found an ancient bone altar of Kikubaaqudgha.
  4531 | D:5      | Entered Level 5 of the Dungeon
  4761 | D:5      | XOM: noise
  4833 | D:5      | XOM: harmless Chrm miscast
  4908 | D:5      | Noticed Edmund
  4926 | D:5      | XOM: confuse monster(s)
  4930 | D:5      | Killed Edmund
  5199 | D:5      | XOM: give mutations
  5199 | D:5      | Gained mutation: You expend magic power (3 MP) to
                  | strengthen your wands. [Xom's grace]
  5199 | D:5      | Gained mutation: You have an increased reservoir of magic.
                  | (+10% MP) [Xom's grace]
  5219 | D:5      | Noticed Duvessa
  5220 | D:5      | Noticed Dowan
  5226 | D:5      | Killed Duvessa
  5230 | D:5      | Killed Dowan
  5232 | D:5      | Reached skill level 8 in Fighting
  5346 | D:5      | XOM: divination: detect creatures
  5730 | D:6      | Found a staircase to the Ecumenical Temple.
  5783 | D:6      | Found a stormy altar of Qazlal.
  5783 | D:6      | XOM: cast spell 'Ring of Flames'
  5791 | D:6      | Reached XP level 9. HP: 70/74 MP: 9/9
  5795 | D:6      | XOM: cast spell 'Summon Horrible Things'
  6160 | D:6      | Found a sand-covered staircase.
  6164 | Ossuary  | Entered an ossuary
  6587 | D:6      | Found a stormy altar of Qazlal.
  6792 | D:6      | XOM is BORED!
  6792 | D:6      | XOM: mild Tloc miscast
  7108 | D:7      | XOM: chaos upgrade
  7265 | D:7      | XOM: god gift: 3 rations
  7276 | D:7      | XOM: potion effect (might)
  7290 | D:7      | XOM: cloud trail
  7480 | D:7      | XOM: harmless Air miscast
  7608 | D:7      | XOM: silly message
  7621 | D:7      | Reached skill level 9 in Fighting
  7874 | D:7      | XOM: divination: magic mapping
  7908 | D:8      | Noticed a hippogriff
  7917 | D:8      | Killed a hippogriff
  7917 | D:8      | Reached XP level 10. HP: 52/82 MP: 11/11
  8062 | D:8      | XOM: confuse monster(s)
  8090 | D:8      | Found Woatwaat's Book Boutique.
  8241 | D:8      | Noticed Joseph
  8257 | D:8      | XOM: harmless Tmut miscast
  8363 | D:8      | XOM: mild Summ miscast
  8391 | D:8      | XOM is BORED!
  8391 | D:8      | XOM: noise
  8410 | D:8      | Killed Joseph
  8882 | D:9      | Noticed a five-headed hydra
  8883 | D:9      | XOM: scenery: create altars
  9075 | D:9      | XOM: cloud trail
  9158 | D:9      | Killed a five-headed hydra
  9424 | D:8      | XOM: mild Tloc miscast
  9506 | D:9      | XOM: scenery: create altars
  9507 | D:9      | XOM: confuse monster(s)
  9605 | D:9      | XOM: cast spell 'Summon Dragon'
  9711 | D:9      | Noticed a tengu warrior
  9715 | D:9      | Noticed a tengu warrior
  9719 | D:9      | Killed a tengu warrior
  9719 | D:9      | Reached skill level 10 in Fighting
  9725 | D:9      | Killed a tengu warrior
  9900 | D:9      | Got a brightly glowing dagger
  9903 | D:9      | Identified the +7 dagger "Kasya" {flame, +Rage Dex+2} (You
                  | found it on level 9 of the Dungeon)
  9950 | D:9      | Reached XP level 11. HP: 82/91 MP: 12/12
  9951 | D:9      | Found a sacrificial altar of Ru.
  9988 | D:9      | Found a deep blue altar of Sif Muna.
  9993 | D:9      | Found a basalt altar of Yredelemnul.
 10014 | D:9      | Found a shattered altar of Ashenzari.
 10070 | D:9      | Found a runed door.
 10079 | D:9      | XOM: harmless Fire miscast
 10081 | D:9      | Noticed a stone giant
 10083 | D:9      | XOM: mild Ice miscast
 10240 | D:9      | Xom revived you
 10241 | D:9      | Annihilated by a stone giant

Skill      XL: |  1  2  3  4  5  6  7  8  9 10 |
---------------+-------------------------------+-----
Stealth        | 1 6 7 8 9 |  9.4
Fighting       | 4 6 7 8 9 10 | 10.4
Maces & Flails | 5 6 7 8 |  8.7
Polearms       | 4 |  4.6
Armour         | 5 6 7 |  7.3
Dodging        | 4 |  4.1

Action                   |  1- 3 |  4- 6 |  7- 9 | 10-12 || total
-------------------------+-------+-------+-------+-------++-------
Melee: Mace              |    70 |   112 |   172 |       ||   354
       Flail             |       |       |   229 |    81 ||   310
 Abil: Dig               |       |       |       |     1 ||     1
       Shaft Self        |       |       |       |     1 ||     1
  Use: Scroll            |     5 |       |     5 |     5 ||    15
       Potion            |       |     1 |       |       ||     1
 Stab: Sleeping          |     2 |     4 |    24 |     3 ||    33
       Confused          |     1 |       |     2 |     1 ||     4
       Petrified         |       |     4 |       |       ||     4
       Distracted        |       |     1 |       |     1 ||     2
       Paralysed         |       |     1 |       |       ||     1
  Eat: Chunk             |       |     6 |    13 |     7 ||    26
       Ration            |       |       |     1 |       ||     1
Armor: Leather armour    |    24 |    33 |   116 |    34 ||   207
Dodge: Dodged            |    45 |    84 |   226 |    55 ||   410
Block: Other             |       |       |       |    15 ||    15
       Reflection        |       |       |       |     3 ||     3
